 Dungeon Crawl Stone Soup version 0.28-a0-674-gdaf460b524 (webtiles) character file.

Game seed: 179093824420444964

11 flotson the Sneak (level 2, -3/24 HPs)
             Began as a Demonspawn Delver on Oct 17, 2021.
             Slain by a goblin (11 damage)
             ... on level 4 of the Dungeon.
             The game lasted 00:01:44 (314 turns).

flotson the Sneak (Demonspawn Delver)                Turns: 314, Time: 00:01:45

Health: -3/24      AC:  3    Str: 12    XL:     2   Next: 13%
Magic:  2/2        EV: 12    Int: 11    God:
Gold:   7          SH:  0    Dex: 14    Spells: 1/1 levels left

rFire   . . .      SeeInvis .   a - +0 hand axe
rCold   . . .      Faith    .   (no shield)
rNeg    . . .      Spirit   .   b - +0 leather armour
rPois   .          Reflect  .   (helmet restricted)
rElec   .          Harm     .   (no cloak)
rCorr   .          Rampage  .   (no gloves)
Will    .....                   (no boots)
Stlth   ++........              (no amulet)
HPRegen 0.08/turn               (no ring)
MPRegen 0.08/turn               (no ring)

@: no status effects
A: antennae 1
a: no special abilities


You were on level 4 of the Dungeon.
You visited 1 branch of the dungeon, and saw 2 of its levels.

You collected 7 gold pieces.

Inventory:

Hand Weapons
 a - a +0 hand axe (weapon)
Missiles
 k - 2 boomerangs (quivered)
Armour
 b - a +0 leather armour (worn)
Jewellery
 j - a ring of ice
Wands
 g - a wand of digging (3)
Scrolls
 c - a scroll of fog
 d - a scroll of blinking {unknown}
Potions
 f - a potion of haste
 h - a potion of magic {unknown}
 i - a potion of degeneration {unknown}


   Skills:
 + Level 3.1 Fighting
 + Level 2.0 Axes
 + Level 0.3 Throwing
 + Level 0.5 Armour
 + Level 2.0 Dodging
 - Level 4.5 Stealth


You had one spell level left.
You didn't know any spells.
Your spell library was empty.

Dungeon Overview and Level Annotations

Branches:
Dungeon (5/15)             Temple (0/1) D:4

Altars:
Dithmenos

Annotations:
D:4 Pikel


Innate Abilities, Weirdness & Mutations

You have a pair of small antennae on your head.


Message History

Your Axes skill increases to level 2!
Your Dodging skill increases to level 2!
You have reached level 2!
You feel monstrous as your demonic heritage exerts itself.
Your demonic ancestry asserts itself...
A pair of antennae grows on your head!
You hear the slow rusting of a very distant drain.
HP restored.
A goblin is nearby!
A goblin is nearby!
You barely miss the goblin. The goblin barely misses you.
The goblin hits you with a +1 dagger of electrocution.
You barely miss the goblin. The goblin hits you but does no damage.
You hit the goblin.
The goblin is heavily wounded.
The goblin hits you with a +1 dagger of electrocution.
You are electrocuted!
Ouch! That really hurt!
You are too injured to fight recklessly!
You are too injured to fight recklessly!
You are too injured to fight recklessly!
You are too injured to fight recklessly!
You are too injured to fight recklessly!
You are too injured to fight recklessly!
You are too injured to fight recklessly!
You are too injured to fight recklessly!
You barely miss the goblin.
The goblin is heavily wounded.
The goblin barely misses you.
You closely miss the goblin.
The goblin is heavily wounded.
The goblin hits you with a +1 dagger of electrocution.
You barely miss the goblin.
The goblin is heavily wounded.
The goblin closely misses you.
The goblin hits you with a +1 dagger of electrocution.
You hit the goblin.
The goblin is severely wounded.
The goblin hits you but does no damage.
You are electrocuted!
You die...

### #####.###
#.......#
#.###.### #.
#.# #.# #@# #.#
#g# #.# #.#
#####.###.#
.....#...#
######..#.#####
.....>..<.....#
###....###.###
#......#.#


You could see a goblin.

Vanquished Creatures
  An adder (D:4)
  An orc (D:5)
2 creatures vanquished.

Notes
Turn   | Place    | Note
-------+----------+-------------------------------------------
     0 | D:5      | flotson the Demonspawn Delver began the quest for the Orb.
     0 | D:5      | Reached XP level 1. HP: 18/18 MP: 1/1
    52 | D:5      | Found a shadowy altar of Dithmenos.
   124 | D:5      | Noticed a scorpion
   124 | D:5      | Noticed an ice beast
   168 | D:5      | Noticed a hound
   194 | D:4      | Noticed a lemure
   194 | D:4      | Noticed a lemure
   194 | D:4      | Noticed a lemure
   195 | D:4      | Noticed a lemure
   195 | D:4      | Noticed Pikel
   221 | D:4      | Found a staircase to the Ecumenical Temple.
   251 | D:4      | Discovered your monstrous ancestry.
   251 | D:4      | Gained mutation: You have a pair of small antennae on your
                  | head. [demonic ancestry]
   251 | D:4      | Reached XP level 2. HP: 20/24 MP: 2/2
   314 | D:4      | Slain by a goblin

Illustrated notes

Levels and vault maps discovered:
D:4:      layout_basic, minmay_temple_entry_glassed_door,
          lightli_sewer_entry_pipes, moated_statue, uniq_ijyb, uniq_pikel
D:5:      layout_loops_corners, nicolae_dithmenos_through_a_glass_darkly,
          mainiacjoe_overflow_catwalk

Skill      XL: |  1 |
---------------+----+-----
Axes           | 2 |  2.0
Dodging        | 2 |  2.0
Fighting       | |  3.1
Throwing       | |  0.3
Armour         | |  0.5
Stealth        | |  4.5

Action                   || total
-------------------------++-------
Melee: Hand axe          ||    13
  Use: Scroll            ||     2
 Stab: Sleeping          ||     1
Armor: Leather armour    ||     3
Dodge: Dodged            ||     5

Table legend: (Time is in decaauts)
 A = Elapsed time spent in this place.
 B = Non-inter-level travel time spent in this place.
 C = Inter-level travel time spent in this place.
 D = Time resting spent in this place.
 E = Time spent auto-exploring this place.
 F = Levels seen in this place.
 G = Mean time per level.
                   A        B        C        D        E       F      G
               +--------+--------+--------+--------+--------+-----+--------+
         Total |    316 |    316 |      0 |      0 |    164 |   2 |  158.0 |
       Dungeon |    316 |    316 |      0 |      0 |    164 |   2 |  158.0 |
               +--------+--------+--------+--------+--------+-----+--------+

Top non-repeatable levels by time:
     D:5: 187 daAuts
     D:4: 128 daAuts
